 Dungeon Crawl Stone Soup version 0.31.0-4-g52a2dc7128 (webtiles) character file.

Game seed: 2462333822997423647

288 Strat the Chopper (level 6, 0/47 HPs)
             Began as a Human Berserker on Jan 22, 2024.
             Was a Believer of Trog.
             Slain by a jelly (2 damage)
             ... on level 4 of the Dungeon.
             The game lasted 00:03:54 (1382 turns).

Strat the Chopper (Human Berserker)                 Turns: 1382, Time: 00:03:54

Health: 0/47       AC:  6    Str: 20    XL:     6   Next: 31%
Magic:  6/6        EV: 10    Int:  7    God:    Trog [**....]
Gold:   88         SH:  0    Dex: 12    Spells: 5/5 levels left

rFire   . . .        a - +0 hand axe
rCold   . . .        (no shield)
rNeg    . . .        p - +0 scale mail
rPois   .            (no helmet)
rElec   .            (no cloak)
rCorr   .            (no gloves)
SInv    .            (no boots)
Will    .....        (no amulet) Stlth
                     (no ring)
HPRegen 0.27/turn    (no ring)
MPRegen 0.10/turn

%: no passive effects
@: on berserk cooldown, slowed, very slow
A: explore regen
a: Renounce Religion, Berserk, Trog's Hand


You were on level 4 of the Dungeon.
You worshipped Trog.
Trog was pleased with you.
You visited 1 branch of the dungeon, and saw 4 of its levels.

You collected 88 gold pieces.

Inventory:

Hand Weapons
 a - a +0 hand axe (weapon)
 b - the +5 sling "Ippoust" {freeze, Will++ Dex+2}
   (You found it on level 2 of the Dungeon)

   Dex+2:     It affects your dexterity (+2).
   Will++:    It greatly increases your willpower.
Armour
 e - a +0 ring mail
 m - a +0 animal skin
 p - a +0 scale mail (worn)
Wands
 r - a wand of flame (12)
Scrolls
 c - 4 scrolls of identify {unknown}
 d - a scroll of noise {unknown}
 g - 3 scrolls of fog {unknown}
 i - a scroll of poison {unknown}
 k - a scroll of vulnerability {unknown}
 l - a scroll of blinking {unknown}
 n - 2 scrolls of teleportation {unknown}
Potions
 f - 2 potions of mutation {unknown}
 h - a potion of magic {unknown}
 j - a potion of ambrosia {unknown}
 o - 2 potions of curing {unknown}
 q - a potion of enlightenment {unknown}


   Skills:
 + Level 3.3 Fighting
 * Level 6.4 Axes
 + Level 2.5 Armour
 - Level 2.0 Dodging


You had 5 spell levels left.
You didn't know any spells.
Your spell library was empty.

Dungeon Overview and Level Annotations

Branches:
Dungeon (4/15)
 Temple: D:4-7

Altars:
Trog

Shops:
D:1 (


Innate Abilities, Weirdness & Mutations

You regain HP and MP as you explore.


Message History

You feel a strong urge to attack something.
The jelly quivers.
You barely miss the gnoll. You hit the gnoll.
The gnoll is lightly wounded.
You are no longer berserk.
You are exhausted.
You feel yourself slow down.
The gnoll hits you from afar with a +0 halberd.
You closely miss the gnoll.
The gnoll is lightly wounded.
The gnoll barely misses you. x2
The gnoll hits you from afar with a +0 halberd.
The gnoll hits you but does no damage.
You hit the gnoll but do no damage.
The gnoll is lightly wounded.
The gnoll barely misses you.
The gnoll hits you from afar with a +0 halberd!
You hit the gnoll.
The gnoll is heavily wounded.
The gnoll hits you with a +0 whip.
* * * LOW HITPOINT WARNING * * *
The jelly jiggles.
The gnoll hits you from afar with a +0 halberd.
* * * LOW HITPOINT WARNING * * *
The gnoll closely misses you. The gnoll barely misses you.
The gnoll attacks as it pursues you!
The gnoll hits you from afar with a +0 halberd!
* * * LOW HITPOINT WARNING * * *
You see here a +0 whip.
The gnoll attacks as it pursues you! The gnoll hits you with a +0 whip.
* * * LOW HITPOINT WARNING * * *
The gnoll attacks as it pursues you! The gnoll closely misses you.
The gnoll hits you from afar with a +0 halberd.
* * * LOW HITPOINT WARNING * * *
There is a stone staircase leading up here.
The gnoll hits you with a +0 whip.
* * * LOW HITPOINT WARNING * * *
The jelly hits you.
You die...

..............#
..............#
...............#
...............##
................#
................#
..............:.#
#......@J##.....
...##..g....#
#.).#g..#
...%..###..#
......# #..#
...### ...# .#.
#.... # #.....
....##.


You could see a jelly and 2 gnolls.

Vanquished Creatures
  An ogre (D:4)
  2 orc priests (D:3)
  An orc wizard (D:3)
  A gnoll (D:4)
  6 adders
  A dart slug (D:1)
  9 orcs (D:3)
  4 ball pythons
  5 bats
  5 endoplasms
  A giant cockroach (D:3)
  2 goblins (D:2)
  4 hobgoblins
  3 quokkas (D:3)
  2 frilled lizards (D:3)
  A kobold (D:2)
  7 rats
55 creatures vanquished.

Vanquished Creatures (others)
  An arcanist (D:3)
1 creature vanquished.

Grand Total: 56 creatures vanquished

Notes
Turn   | Place    | Note
-------+----------+-------------------------------------------
     0 | D:1      | Strat the Human Berserker began the quest for the Orb.
     0 | D:1      | Reached XP level 1. HP: 18/18 MP: 1/1
   139 | D:1      | Found Iciret's Antique Weapon Emporium.
   288 | D:1      | Reached XP level 2. HP: 24/24 MP: 2/2
   399 | D:2      | Reached skill level 4 in Axes
   412 | D:2      | Identified the +5 sling "Ippoust" {freeze, Will++ Dex+2}
   422 | D:2      | Reached XP level 3. HP: 29/29 MP: 3/3
   557 | D:2      | Identified the +1 dagger of Extremism {freeze, rF+ rC-
                  | rCorr}
   650 | D:3      | Reached skill level 5 in Axes
   650 | D:3      | Reached XP level 4. HP: 33/35 MP: 4/4
   660 | D:3      | Reached ** piety under Trog
   727 | D:3      | Reached XP level 5. HP: 10/41 MP: 5/5
   889 | D:3      | Reached skill level 6 in Axes
  1068 | D:3      | Found a bloodstained altar of Trog.
  1070 | D:3      | Noticed a wizard
  1074 | D:3      | Killed a wizard
  1360 | D:4      | Noticed an ogre
  1366 | D:4      | Killed an ogre
  1367 | D:4      | Reached XP level 6. HP: 47/47 MP: 6/6
  1382 | D:4      | HP: 2/47 [gnoll/+0 whip (5)]
  1382 | D:4      | Slain by a jelly

Illustrated notes

Levels and vault maps discovered:
D:1:      lemuel_arrival_river_passageway, layout_loops_ring, serial_shops,
          shop, st_stairs_7, minivault_19
D:2:      layout_basic
D:3:      layout_loops_corners, trog_wizard, grunt_ministairs_13
D:4:      layout_cave_pools, minmay_temple_entry_arrows

Skill      XL: |  1  2  3  4  5 |
---------------+----------------+-----
Axes           | 4 5 6 |  6.4
Fighting       | |  3.3
Armour         | |  2.5
Dodging        | |  2.0

Action                     |  1- 3 |  4- 6 || total
---------------------------+-------+-------++-------
  Melee: Hand axe          |    57 |   101 ||   158
         Punch             |     1 |     1 ||     2
   Fire: Sling             |    25 |    20 ||    45
 Invoke: Berserk           |       |     1 ||     1
 Armour: Animal skin       |    18 |       ||    18
         Ring mail         |    26 |     5 ||    31
         Scale mail        |       |    70 ||    70
  Dodge: Dodged            |    52 |    67 ||   119
